 Dungeon Crawl Stone Soup version 0.31-a0-179-g1846a1fd2d (webtiles) character file.

Game seed: 2613036859003265554

196 qw the Chopper (level 5, -3/33 HPs)
             Began as a Gargoyle Fighter on June 18, 2023.
             Slain by a gnoll
             ... wielding a +0 halberd
              (4 damage)
             ... on level 4 of the Dungeon.
             The game lasted 00:01:24 (3069 turns).

qw the Chopper (Gargoyle Fighter)                   Turns: 3069, Time: 00:01:24

Health: -3/33      AC: 15    Str: 28    XL:     5   Next: 75%
Magic:  5/5        EV:  8    Int:  8    God:
Gold:   165        SH:  4    Dex:  9    Spells: 4/4 levels left

rFire   . . .        Y - +0 war axe
rCold   . . .        c - +0 buckler
rNeg    + . .        a - +0 chain mail
rPois   inf          (no helmet)
rElec   +            l - +0 cloak
rCorr   .            (no gloves)
SInv    .            k - +0 pair of boots
Will    .....        (no amulet) Stlth
                     e - +6 ring of strength
HPRegen 0.25/turn    (no ring)
MPRegen 0.09/turn

%: no passive effects
@: no status effects
A: sickness immunity, AC +4, negative energy resistance 1, electricity
resistance, torment resistance 1, petrification resistance
a: no special abilities


You were on level 4 of the Dungeon.
You visited 1 branch of the dungeon, and saw 4 of its levels.

You collected 165 gold pieces.


Innate Abilities, Weirdness & Mutations

You are immune to sickness and miasma.
Your stone body is resilient. (AC +4)
You are immune to poison.
You resist negative energy. (rN+)
You are resistant to electric shocks. (rElec)
You are resistant to unholy torment.
You are immune to petrification.


   Skills:
 + Level 3.8 Fighting
 - Level 5.0 Axes
 - Level 3.2 Armour
 - Level 3.2 Shields


You had 4 spell levels left.
You didn't know any spells.
Your spell library was empty.

Inventory:

Hand Weapons
 n - a +0 morningstar
 Y - a +0 war axe (weapon)
Armour
 a - a +0 chain mail (worn)
 c - a +0 buckler (worn)
 k - a +0 pair of boots (worn)
 l - a +0 cloak (worn)
Jewellery
 e - a +6 ring of strength (left hand)
Scrolls
 h - 5 scrolls of identify
Potions
 d - a potion of might
 f - 3 potions of enlightenment
 m - a potion of attraction

Dungeon Overview and Level Annotations

Branches:
Dungeon (4/15)
 Temple: D:4-7

Altars:
Makhleb


Message History

You kill the orc!
Things that are here:
a +0 hand axe; a +0 leather armour You now have 165 gold pieces (gained 10).
You open the huge gate.
There is a huge open gate here.
You open the door. You open the large door.
A kobold brigand, 3 gnolls, a gnoll bouda and 6 orcs come into view.
An orc is wielding a +1 short sword of draining.
The kobold brigand is wielding a +0 dagger and quivering poisoned darts.
The kobold brigand shouts!
The orc shouts! x3; The gnoll shouts! x2
The gnoll bouda shouts!
The orc shouts! x2; You hear a shout! x2
An orc comes into view. It is wielding a +0 club.
Found a grey potion. 2 gnolls come into view.
A gnoll is wielding a +2 heavy spear.
The gnoll shouts! x2; The orc shouts!
The gnoll barely misses you.
The gnoll hits you from afar with a +0 halberd!
A gnoll comes into view. It is wielding a +0 flail.
A gnoll comes into view. It is wielding a +0 club.
The orc hits you with a +0 flail.
There is a large open door here.
Enter note: You barely miss the gnoll bouda.
The gnoll shouts!
You hit the orc but do no damage. You closely miss the orc.
You hit the orc but do no damage.
The gnoll bouda hits you with a +0 whip!
The gnoll closely misses you. You block the orc's attack.
The gnoll hits you from afar with a +0 halberd.
The orc hits you but does no damage. The orc hits you with a +0 flail.
You barely miss the gnoll bouda. You closely miss the orc.
You barely miss the orc. x2
You block the gnoll bouda's attack. The gnoll hits you but does no damage.
The gnoll barely misses you. The orc hits you but does no damage.
You block the orc's attack. The orc hits you with a +0 flail. x2
The gnoll bouda hits you but does no damage.
The gnoll hits you but does no damage. The orc hits you but does no damage. x2
The gnoll hits you from afar with a +0 halberd.
You die...

#######++######
...............
.......o.......
...g.Kggog.g...
....gooooo.g... ##@g##
#######....#
+.....'....+ #+#
#######....#
..#############''''#####
og#...................^.
###~~~~~~~~~~~~....~~~~~
~~~~~~~~~~~~~~~.)..~~~~~
~~~~%~~~~~~~~~~....~~~~~


You could see a kobold brigand, a gnoll bouda, 7 gnolls and 7 orcs.

Vanquished Creatures
  An orc priest (D:3)
  Terence (D:2)
  2 gnolls
  4 adders
  A worm (D:2)
  2 dart slugs
  8 orcs
  7 ball pythons
  6 bats
  6 endoplasms
  A giant cockroach (D:3)
  3 goblins
  6 hobgoblins
  4 jackals (D:4)
  2 quokkas
  4 frilled lizards
  6 kobolds
  3 rats (D:1)
67 creatures vanquished.

Notes
Turn   | Place    | Note
-------+----------+-------------------------------------------
     0 | D:1      | qw the Gargoyle Fighter began the quest for the Orb.
     0 | D:1      | Reached XP level 1. HP: 14/14 MP: 1/1
     0 | D:1      | 0 ||| qw: Version: 0.3-a-7-ge0c9b40
     0 | D:1      | 0 ||| qw: Game counter: 875
     0 | D:1      | 0 ||| qw: Always use a shield: true
     0 | D:1      | 0 ||| qw: God list: Okawaru
     0 | D:1      | 0 ||| qw: Allow faded altars: false
     0 | D:1      | 0 ||| qw: Do Orc after D:15 true
     0 | D:1      | 0 ||| qw: Do second Lair branch before Depths: true
     0 | D:1      | 0 ||| qw: Lair rune preference: random
     0 | D:1      | 0 ||| qw: Plans: Normal, Zot:1-4, Slime:5, God:TSO, Crypt,
                  | Tomb, Abyss, Pan, Hells, Win
     0 | D:1      | 0 ||| PLANNING D:1-11
    69 | D:1      | Reached skill level 2 in Axes
   144 | D:1      | Reached XP level 2. HP: 12/19 MP: 2/2
   441 | D:1      | Reached skill level 3 in Axes
   441 | D:1      | Reached XP level 3. HP: 23/23 MP: 3/3
   573 | D:1      | 573 ||| Stepping ~*~*~tactically~*~*~ (stealth).
   687 | D:1      | 687 ||| Stepping ~*~*~tactically~*~*~ (hiding).
   961 | D:1      | 961 ||| DROPPING +0 club.
   962 | D:1      | 962 ||| UPGRADING to +6 ring of strength.
   963 | D:1      | 963 ||| READING scroll labelled ZUROFATYLU.
   964 | D:1      | 964 ||| READING 2 scrolls labelled KEYSHUUXEX.
   965 | D:1      | 965 ||| READING scroll labelled GEUBIARUASIE.
   966 | D:1      | 966 ||| READING scroll labelled YTYFUTA WOSAR.
   967 | D:1      | 967 ||| DRINKING 3 dark potions.
  1179 | D:2      | Reached XP level 4. HP: 28/28 MP: 4/4
  1274 | D:2      | Found a burning altar of Makhleb.
  1323 | D:2      | Reached skill level 4 in Axes
  1497 | D:2      | 1497 ||| Stepping ~*~*~tactically~*~*~ (hiding).
  1609 | D:2      | Noticed Terence
  1621 | D:2      | Killed Terence
  1672 | D:2      | 1672 ||| READING 6 scrolls of identify.
  1672 | D:2      | 1672 ||| IDENTIFYING bubbling dark potion
  1673 | D:2      | 1673 ||| READING 5 scrolls of identify.
  1673 | D:2      | 1673 ||| IDENTIFYING fizzy coppery potion
  1674 | D:2      | 1674 ||| DROPPING potion of brilliance.
  1675 | D:2      | 1675 ||| DROPPING potion of degeneration.
  1712 | D:3      | 1712 ||| READING scroll labelled ONIUTI UNLIUCH.
  1937 | D:3      | 1937 ||| Stepping ~*~*~tactically~*~*~ (stealth).
  1945 | D:3      | Reached XP level 5. HP: 32/32 MP: 5/5
  1973 | D:3      | 1973 ||| DROPPING +0 mace.
  2074 | D:3      | 2074 ||| Stepping ~*~*~tactically~*~*~ (stealth).
  2075 | D:3      | 2075 ||| Stepping ~*~*~tactically~*~*~ (stealth).
  2295 | D:3      | 2295 ||| Stepping ~*~*~tactically~*~*~ (stealth).
  2378 | D:3      | 2378 ||| Stepping ~*~*~tactically~*~*~ (hiding).
  2387 | D:3      | Reached skill level 5 in Axes
  2391 | D:3      | 2391 ||| DROPPING +0 flail.
  2395 | D:3      | 2395 ||| UPGRADING to +0 chain mail.
  2418 | D:3      | 2418 ||| DROPPING +0 scale mail.
  2419 | D:3      | 2419 ||| UPGRADING to +0 pair of boots.
  2424 | D:3      | 2424 ||| UPGRADING to +0 cloak.
  2902 | D:3      | 2902 ||| READING scroll labelled XAARU JECIOR.
  2903 | D:3      | 2903 ||| READING scroll labelled QIUPIT GAXACKI.
  2908 | D:3      | 2908 ||| READING scroll labelled ECAAXT VESIYM.
  2909 | D:3      | 2909 ||| DRINKING 2 brown potions.
  3066 | D:4      | Noticed a kobold brigand
  3068 | D:4      | HP: 6/33 [orc/+0 flail (5)]
  3069 | D:4      | HP: 1/33 [orc/+0 flail (5)]
  3069 | D:4      | Slain by a gnoll

Levels and vault maps discovered:
D:1:      evilmike_arrival_fibonacci_small, layout_basic, serial_corexii_hall,
          corexii_hall_statues_x, corexii_hall_statues_i, minmay_box_of_dots
D:2:      layout_basic, basic_altar, uniq_terence
D:3:      layout_basic, serial_co_window_serial, co_window_paths_b,
          co_window_of_opportunity_a, co_window_corner_a, co_window_paths_b,
          co_window_paths_b, co_window_of_opportunity_b,
          co_window_of_opportunity_b, co_window_unsneaky_path_c,
          co_window_of_opportunity_b, co_window_sun, glass_columns_a,
          glass_columns_a, glass_columns_a, glass_columns_b, glass_columns_a,
          reono_crystal_passage
D:4:      lemuel_castle_with_subvaults [lemuel_castle_interior_original],
          layout_loops_ring, overflow_temple_1_default

Skill      XL: |  1  2  3  4  5 |
---------------+----------------+-----
Axes           | 2 3 4 5 |  5.0
Fighting       | |  3.8
Armour         | |  3.2
Shields        | |  3.2

Action                     |  1- 3 |  4- 6 || total
---------------------------+-------+-------++-------
  Melee: War axe           |    75 |   144 ||   219
    Use: Scroll            |     4 |     6 ||    10
         Potion            |     1 |     1 ||     2
 Armour: Scale mail        |    41 |    45 ||    86
         Chain mail        |       |    33 ||    33
  Dodge: Dodged            |    34 |    68 ||   102
  Block: Buckler           |     8 |    32 ||    40

Table legend:
 A = Non-vault XP
 B = Vault XP
 C = Vault XP percentage of total XP
 D = Non-vault monster count
 E = Vault monster count
 F = Vault count percentage of total count
                 A         B        C        D         E       F
            +---------+---------+-------+---------+---------+-------
      Total |     213 |      68 |  24.2 |      57 |      10 |  14.9
            +---------+---------+-------+---------+---------+-------
        D:1 |      50 |       4 |   7.4 |      23 |       3 |  11.5
        D:2 |      65 |      38 |  36.9 |      13 |       1 |   7.1
        D:3 |      81 |       0 |   0.0 |      18 |       0 |   0.0
        D:4 |      17 |      26 |  60.5 |       3 |       6 |  66.7
            +---------+---------+-------+---------+---------+-------
